Map: Submarine LE

Players

Serral - Winner!

  • Race: Zerg Zerg
  • Spawn Location: 5:00

Trap

  • Race: Protoss Protoss
  • League: Master
  • Spawn Location: 11:00

Event: DreamHack SC2 Masters 2020 Winter

VOD

Have the link to the VOD?

Description

Time

  • Played on: Nov. 12, 2020, 10:19 a.m.
  • Length: 13:13

All games in this series

Show
View Real Time Build Order
Export as new Build Order

Serral Zerg - Winner!

Build Orders: Pool First 

Get SALT Encoding   

  12  0:00  Drone  
  13  0:12  Overlord  
  13  0:17  Drone  
  14  0:30  Drone x2  
  16  0:40  Spawning Pool  
  15  0:43  Drone  
  15  0:47  Drone  
  17  1:08  Hatchery  
  17  1:10  Extractor  
  15  1:14  Drone  
  16  1:27  Zergling x4  
  16  1:28  Zergling x2  
  19  1:33  Queen  
  21  1:41  Overlord  
  21  1:49  Drone  
  22  1:59  Drone  
  23  2:09  Queen  
  23  2:10  Metabolic Boost  
  23  2:13  Drone  
  25  2:23  Drone  
  25  2:25  Drone  
  25  2:27  Queen  
  28  2:36  Drone  
  28  2:37  Drone  
  29  2:47  Overlord  
  29  2:48  Zergling x2  
  29  2:49  Drone x2  
  32  2:51  Drone  
  33  2:59  Zergling x2  
  36  3:09  Drone x2  
  36  3:15  Drone, Hatchery  
  36  3:22  Drone x3  
  38  3:28  Spore Crawler  
  38  3:29  Drone  
  38  3:30  Drone  
  38  3:33  Queen  
  41  3:38  Overlord  
  41  3:40  Drone  
  42  3:48  Drone, Roach Warren  
  42  3:50  Drone  
  42  3:54  Drone  
  44  3:59  Zergling x6  
  49  4:02  Drone x2  
  49  4:03  Drone  
  49  4:09  Overlord  
  50  4:12  Extractor  
  50  4:13  Drone x3  
  52  4:17  Overlord  
  52  4:20  Overlord  
  52  4:26  Overlord  
  52  4:28  Queen  
  54  4:32  Drone  
  54  4:34  Zergling x4  
  54  4:38  Roach x2  
  60  4:44  Roach x2  
  64  4:52  Lair  
  64  4:58  Roach x2  
  68  5:00  Overlord  
  68  5:02  Drone x2, Overlord  
  70  5:08  Extractor  
  70  5:10  Evolution Chamber, Drone x2  
  70  5:11  Overlord  
  70  5:14  Overlord  
  70  5:17  Spore Crawler  
  70  5:21  Overlord  
  69  5:22  Drone  
  69  5:28  Overlord  
  70  5:31  Drone x2  
  70  5:33  Drone x2  
  70  5:35  Zerg Missile Weapons Level 1  
  74  5:43  Drone x2  
  74  5:44  Drone  
  74  5:46  Drone  
  74  5:48  Overlord  
  78  5:51  Overseer  
  78  5:52  Glial Reconstitution  
  78  5:56  Drone x2  
  79  5:57  Drone x3  
  79  5:58  Drone  
  83  6:06  Overseer  
  83  6:13  Zergling x12  
  83  6:16  Drone x4  
  83  6:17  Drone x2  
  92  6:25  Roach x3  
  98  6:30  Drone x3  
  98  6:31  Extractor  
  100  6:34  Extractor  
  100  6:36  Drone  
  100  6:37  Drone  
  100  6:39  Extractor  
  99  6:42  Baneling Nest  
  99  6:43  Drone x2  
  100  6:50  Evolution Chamber  
  99  6:55  Hatchery, Overlord  
  99  7:00  Drone x2  
  100  7:02  Drone x2  
  102  7:10  Roach x4  
  102  7:14  Overlord  
  107  7:16  Roach x3  
  107  7:17  Zerg Melee Weapons Level 1  
  107  7:21  Drone  
  107  7:22  Drone, Spore Crawler x2  
  113  7:25  Ravager x3  
  113  7:26  Ravager  
  113  7:29  Centrifical Hooks  
  119  7:30  Roach x4  
  119  7:31  Overlord  
  119  7:36  Roach x2  
  131  7:37  Roach  
  130  7:50  Zerg Missile Weapons Level 2  
  128  7:51  Tunneling Claws, Burrow  
  128  7:52  Overlord  
  128  7:53  Pneumatized Carapace  
  128  7:54  Overseer  
  128  7:58  Drone x7  
  133  7:59  Drone  
  133  8:05  Drone x2  
  137  8:06  Zergling x6  
  137  8:09  Baneling x7  
  137  8:11  Zergling x2  
  137  8:12  Zergling x2  
  142  8:17  Queen  
  142  8:19  Drone, Overlord  
  145  8:20  Zergling x4  
  145  8:26  Zergling x10  
  152  8:27  Spore Crawler  
  151  8:37  Baneling x9  
  151  8:40  Drone x2  
  151  8:41  Drone x3  
  156  8:43  Overlord  
  156  8:44  Overlord  
  156  8:45  Zergling x2  
  156  8:46  Zergling x12  
  163  8:55  Infestation Pit  
  162  9:01  Zergling x2  
  162  9:02  Zergling x20  
  173  9:08  Baneling x14  
  169  9:17  Drone x3  
  169  9:18  Drone  
  172  9:25  Hatchery, Zergling x2, Overseer  
  172  9:26  Zergling x10, Spine Crawler  
  176  9:34  Hive  
  176  9:35  Roach x3  
  182  9:41  Roach  
  182  9:42  Roach x2  
  182  9:43  Roach x3  
  182  9:44  Roach x3, Zergling x18  
  182  9:45  Roach  
  179  9:53  Zergling x2  
  179  9:54  Zergling x12  
  178  10:00  Roach x9  
  178  10:02  Zergling x6  
  171  10:09  Zerg Melee Weapons Level 2  
  171  10:13  Zergling x2  
  171  10:14  Zergling x16, Roach x9  
  173  10:17  Baneling x26  
  173  10:23  Zergling x4  
  173  10:24  Zergling x6  
  173  10:32  Drone x3  
  173  10:35  Zergling x14  
  181  10:47  Zergling x10  
  181  10:49  Adrenal Glands  
  176  10:50  Zerg Ground Armor Level 1  
  176  10:56  Zergling x14  
  178  10:59  Zergling x2  
  178  11:00  Zergling x2  
  164  11:04  Zergling x16  
  164  11:07  Queen  
  164  11:09  Zergling x4  
  164  11:10  Zergling x4, Roach x2  
  159  11:11  Roach  
  159  11:12  Roach  
  159  11:21  Zergling x16  
  165  11:28  Roach x2, Zergling x2  
  165  11:29  Ravager x6  
  176  11:33  Spore Crawler  
  176  11:37  Baneling x25  
  169  11:44  Drone x2, Extractor  
  169  11:45  Drone x3  
  171  11:48  Zergling x10  
  171  11:52  Baneling x9  
  176  12:00  Hatchery  
  157  12:11  Zergling x38  
  173  12:20  Zergling x22  
  155  12:30  Zergling x16  
  155  12:35  Baneling x7  
  155  12:36  Baneling x10  
  162  12:41  Roach x3, Zergling x2  
  165  12:50  Drone x4  
  169  12:52  Baneling  
  169  12:55  Zergling x18  
  169  12:56  Zergling x6  
  169  12:58  Ravager  
  182  12:59  Baneling x4  
Show
View Real Time Build Order
Export as new Build Order

Trap Protoss 

Build Orders: 1 Gate Expand, Chargelot Immortal 

Get SALT Encoding   

  12  0:00  Probe  
  13  0:12  Probe  
  14  0:17  Pylon  
  14  0:24  Probe (Chrono Boost)  
  15  0:36  Probe (Chrono Boost)  
  16  0:43  Gateway  
  16  0:45  Probe (Chrono Boost)  
  17  0:51  Assimilator, Probe  
  18  1:03  Probe  
  19  1:15  Probe  
  20  1:30  Cybernetics Core  
  20  1:31  Zealot  
  22  1:42  Nexus  
  22  1:49  Pylon  
  22  1:51  Probe  
  23  1:59  Assimilator  
  23  2:04  Adept (Chrono Boost)  
  23  2:07  Warp Gate  
  25  2:11  Probe  
  25  2:23  Probe  
  25  2:28  Stalker  
  25  2:35  Probe (Chrono Boost)  
  26  2:43  Robotics Facility  
  26  2:46  Probe (Chrono Boost)  
  27  2:51  Probe (Chrono Boost)  
  27  2:56  Shield Battery  
  28  3:02  Probe  
  28  3:03  Probe  
  28  3:05  Sentry (Chrono Boost)  
  32  3:16  Probe (Chrono Boost)  
  32  3:18  Probe (Chrono Boost)  
  34  3:26  Probe (Chrono Boost)  
  36  3:29  Probe (Chrono Boost)  
  36  3:31  Probe (Chrono Boost)  
  35  3:38  Probe  
  36  3:41  Warp Prism  
  36  3:43  Probe  
  39  3:50  Pylon  
  39  3:51  Probe  
  39  3:55  Probe (Chrono Boost)  
  41  3:58  Sentry  
  43  4:07  Twilight Council, Probe (Chrono Boost)  
  43  4:08  Probe (Chrono Boost)  
  45  4:14  Probe (Chrono Boost)  
  45  4:16  Probe (Chrono Boost)  
  47  4:17  Pylon  
  47  4:21  Probe, Sentry  
  50  4:27  Probe  
  51  4:33  Probe  
  52  4:39  Gateway, Probe  
  52  4:41  Forge  
  52  4:42  Assimilator  
  53  4:45  Probe  
  53  4:46  Dark Shrine  
  53  4:47  Assimilator  
  53  4:51  Probe  
  55  4:53  Pylon  
  55  4:57  Probe  
  56  5:00  Adept  
  56  5:03  Probe  
  59  5:10  Charge, Probe  
  59  5:11  Protoss Ground Weapons Level 1 (Chrono Boost)  
  60  5:15  Gateway  
  60  5:17  Gateway  
  60  5:19  Observer  
  61  5:29  Adept  
  61  5:33  Gateway  
  63  5:35  Gateway  
  63  5:37  Immortal (Chrono Boost)  
  64  5:57  Nexus  
  64  5:58  Zealot  
  64  6:01  Sentry  
  64  6:02  Probe x2  
  70  6:05  Pylon  
  70  6:17  Pylon  
  70  6:23  Immortal  
  70  6:25  Probe x2  
  76  6:27  Pylon  
  76  6:37  Probe x2  
  76  6:39  Stalker  
  76  6:41  Stalker  
  78  6:49  Shield Battery  
  78  6:51  Probe x2 (Chrono Boost)  
  82  7:01  Probe x2 (Chrono Boost)  
  82  7:02  Immortal (Chrono Boost)  
  82  7:06  Pylon, Probe x2 (Chrono Boost)  
  87  7:13  Probe, Protoss Ground Weapons Level 2 (Chrono Boost)  
  88  7:18  Probe x2  
  90  7:24  Pylon  
  90  7:25  Probe  
  90  7:29  Sentry  
  93  7:30  Probe x2, Sentry  
  93  7:31  Immortal (Chrono Boost)  
  101  7:37  Probe, Templar Archives  
  101  7:38  Assimilator  
  101  7:40  Assimilator  
  101  7:42  Probe x2  
  104  7:47  Gateway  
  104  7:49  Gateway  
  104  7:50  Gateway  
  104  7:56  Photon Cannon  
  104  7:57  Photon Cannon  
  104  8:03  Photon Cannon  
  104  8:05  Pylon  
  104  8:08  Immortal  
  108  8:13  Pylon  
  108  8:15  Psionic Storm, Pylon  
  108  8:16  High Templar x4  
  116  8:33  Dark Templar  
  118  8:41  Shield Battery  
  118  8:43  Shield Battery  
  118  8:44  Immortal (Chrono Boost)  
  118  8:46  Stalker x2  
  125  8:52  Dark Templar  
  127  8:58  Pylon  
  127  9:00  Pylon  
  127  9:01  Pylon  
  126  9:19  Nexus  
  124  9:25  Immortal (Chrono Boost)  
  124  9:26  High Templar  
  124  9:27  High Templar  
  124  9:28  Pylon  
  124  9:31  Dark Templar, Protoss Ground Armor Level 1 (Chrono Boost)  
  134  9:37  Photon Cannon  
  134  9:40  Photon Cannon  
  134  9:42  Pylon  
  134  9:44  Zealot x2  
  134  9:45  Zealot x3  
  142  9:57  Observer (Chrono Boost)  
  142  9:58  Dark Templar  
  142  9:59  Zealot x2  
  137  10:07  Zealot x3  
  137  10:09  Probe x3  
  119  10:21  Probe x3  
  119  10:25  Gateway  
  116  10:35  Dark Templar x2  
  120  10:37  Zealot  
  118  10:48  Probe x3  
  115  10:51  Observer (Chrono Boost)  
  113  10:57  Archon  
  104  11:09  Archon  
  87  11:11  High Templar x2  
  87  11:12  High Templar x2, Zealot x2  
  87  11:14  Probe x3  
  102  11:22  Archon  
  98  11:26  Probe x3  
  99  11:33  High Templar  
  99  11:34  High Templar  
  99  11:35  Pylon  
  99  11:38  Probe x2  
  105  11:44  High Templar, Zealot  
  105  11:45  Zealot x2  
  113  11:52  Probe x3  
  116  12:06  Archon, Gateway  
  112  12:08  Gateway  
  112  12:11  Dark Templar x2  
  112  12:12  Zealot x3  
  80  12:31  Gateway, Probe x3 (Chrono Boost)  
  80  12:35  Gateway  
  80  12:36  High Templar x3  
  81  12:38  Zealot  
  81  12:43  Probe (Chrono Boost)  
  86  12:44  Probe (Chrono Boost)  
  86  12:45  Probe (Chrono Boost)  
  86  12:48  Pylon  
  86  12:52  Probe x2 (Chrono Boost)  
  86  12:55  Archon  
  86  12:56  High Templar  
  86  12:57  High Templar  
  92  13:01  Archon  
  92  13:03  Zealot x2  
Tags
 
Add a new tag
Caveats
  • Supply blocks, unpowered buildings, or Contaminate may cause inaccurate times.
  • Supply counts are checked every 10 seconds.